 Dungeon Crawl Stone Soup version 0.19.1-1-g22dce08 (webtiles) character file.

39 zhar the Grave Robber (level 3, 0/24 HPs)
             Began as a Vampire Necromancer on Jan 19, 2017.
             Slain by a hobgoblin (3 damage)
             ... on level 1 of the Dungeon.
             The game lasted 00:12:29 (1625 turns).

zhar the Grave Robber (Vampire Necromancer)         Turns: 1625, Time: 00:12:30

Health: 0/24       AC:  3    Str:  7    XL:     3   Next: 26%
Magic:  3/6        EV: 13    Int: 18    God:
Gold:   25         SH:  0    Dex: 14    Spells: 1 memorised, 5 levels left

rFire  . . .     SeeInvis +     d - +0 dagger
rCold  + . .     Gourm    .     a - +0 robe
rNeg   + + .     Faith    .     (no shield)
rPois  +         Spirit   .     (no helmet)
rElec  .         Reflect  .     (no cloak)
rCorr  .         Harm     .     h - +0 pair of gloves
MR     .....                    (no boots)
Stlth  +++.......               (no amulet)
                                (no ring)
                                (no ring)

@: regenerating slowly
A: fangs 3, see invisible, unbreathing
a: Bat Form


You were on level 1 of the Dungeon.
You were near bloodless.

You visited 1 branch of the dungeon, and saw 2 of its levels.

You collected 25 gold pieces.

Inventory:

Hand Weapons
 d - a +0 dagger (weapon)
Armour
 a - a +0 robe (worn)
 e - a +0 robe
 h - a +0 pair of gloves (worn)
Scrolls
 f - a scroll of remove curse {unknown}
 i - a scroll of immolation {unknown}
 k - a scroll of magic mapping {unknown}
 l - a scroll of enchant armour {unknown}
 n - a scroll of random uselessness {unknown}
Potions
 c - 14 potions of blood
 g - a potion of curing {unknown}
 j - a potion of magic {unknown}
 m - a potion of cure mutation {unknown}
 o - a potion of flight {unknown}
 p - a potion of resistance {unknown}
Books
 b - a book of Necromancy

   Spells                             Type                      Level
   a - Pain                           Necromancy                   1
   b - Animate Skeleton               Necromancy                   1
   c - Vampiric Draining              Necromancy                   3
   d - Regeneration                   Charms/Necromancy            3
   e - Animate Dead                   Necromancy                   4
   f - Control Undead                 Necromancy                   4


   Skills:
 * Level 2.6 Short Blades
 + Level 2.9 Dodging
 - Level 3.0 Stealth
 - Level 2.0 Spellcasting
 - Level 4.3 Necromancy


You had 5 spell levels left.
You knew the following spells:

 Your Spells              Type           Power        Failure   Level  Hunger
a - Pain                  Necr           ###.         3%          1    #......


Dungeon Overview and Level Annotations

Branches:
Dungeon (2/15)

Altars:
Okawaru


Innate Abilities, Weirdness & Mutations

You heal slowly.
You have razor-sharp teeth.
You have supernaturally acute eyesight. (SInv)
You can survive without breathing.


Message History

The bat hits you but does no damage. The bat barely misses you.
The bat barely misses you. The bat closely misses you.
You see here a short sword.
The bat closely misses you.
There is a stone staircase leading up here.
The bat closely misses you. The hobgoblin hits you.
* * * LOW HITPOINT WARNING * * *
You climb upwards.
There is a stone staircase leading down here.
The hobgoblin hits you.
* * * LOW HITPOINT WARNING * * *
Casting: Pain
Confirm with . or Enter, or press ? or * to list all spells.
Aiming: Pain
Press: ? - help, Shift-Dir - straight line, f - hobgoblin
Aim: a hobgoblin (chance to defeat MR: 87%)
The hobgoblin writhes in agony!
The hobgoblin hits you.
You die...

.............# #.#
#............# #.#
.............###.#
.#...#...........#
.#...............#
##...............#
...............#.#
#######
.######..#####...#
#.....# ##
##.######.@#
#.##### #
##.#.###.g# #.#
##.#.##..# #.#
##.#.###..# #.#
##.#### #..# #.#
##.## #.w# #.####
##.## #..# #....#
####.## ##..#
####.# ##.#.##
#...# #.#


You could see a worm and a hobgoblin.

Vanquished Creatures
  A dart slug (D:1)
  2 leopard geckos
  3 bats
  3 goblins (D:1)
  9 hobgoblins
  7 kobolds
  A ball python (D:1)
  A frilled lizard (D:1)
  5 rats (D:1)
32 creatures vanquished.

Notes
Turn   | Place    | Note
-------+----------+-------------------------------------------
     0 | D:1      | zhar the Vampire Necromancer began the quest for the Orb.
     0 | D:1      | Reached XP level 1. HP: 13/13 MP: 3/3
   379 | D:1      | Reached skill level 1 in Short Blades
   385 | D:1      | Reached XP level 2. HP: 18/19 MP: 1/5
   471 | D:1      | Found an iron altar of Okawaru.
  1065 | D:1      | Reached XP level 3. HP: 24/24 MP: 4/6
  1625 | D:1      | Slain by a hobgoblin

Skill      XL: |  1  2 |
---------------+-------+-----
Short Blades   | 1 2 |  2.6
Dodging        | |  2.9
Stealth        | |  3.0
Spellcasting   | |  2.0
Necromancy     | |  4.3

Action                   || total
-------------------------++-------
Melee: Dagger            ||    13
 Cast: Pain              ||    51
 Abil: End Transformatio ||     2
       Bat Form          ||     2
 Stab: Sleeping          ||     2
Armor: Robe              ||    11
Dodge: Dodged            ||    26
